 Seeded DCSS version 0.30-a0-845-g7c6808c8ce (webtiles) character file.

Game seed: 4290115023798346970 (custom seed)

5758 demibob the Nimble (level 11, -6/91 HPs)
             Began as a Kobold Brigand on Mar 3, 2023.
             Was a Follower of Kikubaaqudgha.
             Mangled by patfeehan111222's ghost (13 damage)
             ... on level 8 of the Dungeon.
             The game lasted 00:11:08 (8084 turns).

demibob the Nimble (Kobold Brigand)                 Turns: 8084, Time: 00:11:09

Health: -6/91      AC:  4    Str:  9    XL:     11   Next: 6%
Magic:  11/11      EV: 24    Int: 12    God:    Kikubaaqudgha [*.....]
Gold:   579        SH:  0    Dex: 21    Spells: 10/10 levels left

rFire   . . .      SeeInvis .    a - +3 quick blade (chaos)
rCold   . . .      Faith    .    (no shield)
rNeg    . . .      Spirit   .    b - +0 robe
rPois   +          Reflect  .    (no helmet)
rElec   .          Rampage  .    c - +1 cloak
rCorr   .                        (no gloves)
Will    .....                    (no boots) Stlth
                                 (no amulet)
HPRegen 0.35/turn                P - ring of poison resistance
MPRegen 0.12/turn                (no ring)

@: mighty, berserking, studying Polearms, very quick
A: small, no large weapons, nightstalker 3
a: Renounce Religion, Unearth Wretches


You were on level 8 of the Dungeon.
You worshipped Kikubaaqudgha.
Kikubaaqudgha was aware of your devotion.
You visited 2 branches of the dungeon, and saw 9 of its levels.

You collected 579 gold pieces.


Innate Abilities, Weirdness & Mutations

You are small and have problems with some larger weapons.
You are completely attuned to the shadows.


   Skills:
 + Level 4.0 Fighting
 - Level 8.0 Short Blades
 - Level 2.1 Throwing
 - Level 11.6 Dodging
 + Level 6.9 Stealth
 + Level 10.2 Necromancy


You had 10 spell levels left.
You didn't know any spells.
Your spell library contained the following spells:

 Spells                   Type           Power      Damage    Failure   Level
 Necrotise                Necr           96%        1d8       1%          1
 Sublimation of Blood     Necr           24%        N/A       1%          2
 Vampiric Draining        Necr           24%        2d7       1%          3
 Animate Dead             Necr           24%        N/A       4%          4
 Agony                    Necr           24%        N/A       14%         5
 Foxfire                  Conj/Fire      0%         2x1d4     32%         1
 Inner Flame              Hex/Fire       0%         N/A       69%         3
 Cause Fear               Hex            0%         N/A       97%         4
 Fireball                 Conj/Fire      0%         3d3       100%        5
 Starburst                Conj/Fire      0%         6d3       100%        6
 Discord                  Hex            0%         N/A       100%        8

Inventory:

Hand Weapons
 a - a +3 quick blade of chaos (weapon)
 g - a +2 dagger
Missiles
 d - 24 poisoned darts (quivered)
 e - 3 curare-tipped darts {=f}
 E - a throwing net {=f}
Armour
 b - a +0 robe (worn)
 c - a +1 cloak (worn)
 D - a +1 cloak
Magical Staves
 i - a staff of death {!a}
Jewellery
 o - the ring "Tiq Aqud" {*Slow rC+ Int+7 Dex-3 SInv}
   (You found it on level 3 of the Dungeon)

   [ring of protection from cold]

   Int:       It affects your intelligence (+7).
   Dex:       It affects your dexterity (-3).
   rC:        It protects you from cold.
   SInv:      It lets you see invisible.
   *Slow:     It may slow you when you take damage.
 z - the ring "Ropy Xott" {AC+4 Int+2}
   (You found it on level 6 of the Dungeon)

   [ring of protection]

   AC:        It affects your AC (+4).
   Int:       It affects your intelligence (+2).
 C - a ring of protection from cold
 P - a ring of poison resistance (left hand)
Wands
 m - a wand of polymorph (8)
 s - a wand of flame (26)
 y - a wand of mindburst (21)
 A - a wand of paralysis (9)
Scrolls
 j - a scroll of poison
 q - a scroll of brand weapon
 w - a scroll of noise
Potions
 f - a potion of berserk rage {!q}
 h - a potion of degeneration {unknown}
 k - 2 potions of mutation
 l - a potion of lignification {unknown}
 n - 2 potions of magic
 r - a potion of attraction {unknown}
 t - a potion of resistance {unknown}
 u - a potion of haste {unknown}
 x - 2 potions of flight

Dungeon Overview and Level Annotations

Branches:
Dungeon (8/15)             Temple (1/1) D:7
   Lair: D:8-11

Altars:
Ashenzari
Dithmenos
Fedhas
Gozag
Kikubaaqudgha
Makhleb
Okawaru
Qazlal
Vehumet
Yredelemnul

Annotations:
D:4 1 runed translucent door, demibob's ghost, novice KoBr
D:8 patfeehan111222's ghost, novice MiBe

#...# #..#...#######
#...# #.............
#...# #.###.....####
##### #.# #)#...####
▒▒▒▒▒▒####.# #)###.....
.....▒...#.# #)###.....
!~~~~'...#.###)).......
.....▒W..#...))......##
▒▒▒▒▒▒@#.#####.......#
#.#.#####.......#
#...............#
#.........#######
#.).......# #.#.#####.#
############# #.#.# #.#
.^....##....# #.#.#
#.########
............#
#.#.#####.#......#


You could see patfeehan111222's ghost (fast).


Message History

You are too injured to fight recklessly!
You hit patfeehan111222's ghost but do no damage.
Patfeehan111222's ghost resists with almost no effort.
Patfeehan111222's ghost is lightly damaged.
You barely miss patfeehan111222's ghost.
Patfeehan111222's ghost is lightly damaged.
You hit patfeehan111222's ghost but do no damage.
Patfeehan111222's ghost is lightly damaged.
Patfeehan111222's ghost hits you but does no damage.
You hit patfeehan111222's ghost but do no damage.
Patfeehan111222's ghost is lightly damaged.
You hit patfeehan111222's ghost but do no damage.
Patfeehan111222's ghost is lightly damaged.
You hit patfeehan111222's ghost but do no damage.
Patfeehan111222's ghost seems to speed up.
Patfeehan111222's ghost is lightly damaged.
Patfeehan111222's ghost hits you!!
* * * LOW HITPOINT WARNING * * *
Okay, then.
Okay, then.
Patfeehan111222's ghost attacks as you move away!
Patfeehan111222's ghost hits you.
* * * LOW HITPOINT WARNING * * *
Okay, then.
It was a potion of berserk rage.
A red film seems to cover your vision as you go berserk!
You feel yourself moving faster!
You feel mighty! Patfeehan111222's ghost hits you!
You die...
Kikubaaqudgha rasps: "You have failed me!
Welcome... death!"

Skill      XL: |  1  2  3  4  5  6  7  8  9 10 11 |
---------------+----------------------------------+-----
Short Blades   | 3 4 5 6 7 8 |  8.0
Dodging        | 3 5 7 10 11 | 11.6
Necromancy     | 2 4 5 8 10 | 10.2
Fighting       | 3 4 |  4.0
Stealth        | 6 |  6.9
Throwing       | |  2.1

Action                     |  1- 3 |  4- 6 |  7- 9 | 10-12 || total
---------------------------+-------+-------+-------+-------++-------
  Melee: Dagger            |    23 |       |       |       ||    23
         Quick blade       |    26 |   145 |   304 |   397 ||   872
         Punch             |       |     1 |     2 |     7 ||    10
    Use: Scroll            |     1 |     7 |     1 |    10 ||    19
         Potion            |       |     1 |     1 |     3 ||     5
   Stab: Sleeping          |    22 |    19 |    16 |    14 ||    71
         Distracted        |     2 |     2 |     1 |     3 ||     8
         Confused          |       |       |     3 |     1 ||     4
         Petrifying        |       |       |       |     2 ||     2
         Paralysed         |       |       |       |     1 ||     1
 Armour: Robe              |     9 |    21 |     9 |     7 ||    46
  Dodge: Dodged            |     4 |    39 |    95 |   175 ||   313

Levels and vault maps discovered:
D:1:      kennysheep_arrival_seaside, layout_basic, minmay_gold_behind_fungi,
          wander_ebering_terrifying_dragon_lair
D:2:      layout_rooms, nicolae_ecumenical_snake_handling, uniq_jessica
D:3:      layout_basic, nicolae_elevator_lobby_asterisk, uniq_crazy_yiuf_cottage
D:4:      layout_rooms, ebering_ghost_sewer_d, dreamdust_wishing_well,
          uniq_pikel, uniq_ijyb
D:5:      layout_basic, lightli_temple_of_fire, reono_crystal_passage,
          minmay_manual_mess
D:6:      layout_basic, gammafunk_temple_overflow_elements, uniq_maggie,
          uniq_eustachio, uniq_blork_the_orc
D:7:      layout_basic, mainiacjoe_overflow_six_doors_small,
          minmay_temple_entry_waves, uniq_menkaure
D:8:      layout_basic, ebering_ghost_reflecting_pool
Temple:   hellmonk_temple_two_chambers

Notes
Turn   | Place    | Note
-------+----------+-------------------------------------------
     0 | D:1      | demibob the Kobold Brigand began the quest for the Orb.
     0 | D:1      | Reached XP level 1. HP: 12/12 MP: 1/1
    46 | D:1      | Reached skill level 3 in Short Blades
   141 | D:1      | Reached XP level 2. HP: 17/17 MP: 2/2
   270 | D:1      | Reached skill level 4 in Short Blades
   343 | D:1      | Identified a scroll of acquirement
   343 | D:1      | Acquired a +3 quick blade of protection
   649 | D:1      | Reached XP level 3. HP: 21/21 MP: 3/3
  1443 | D:2      | Reached skill level 5 in Short Blades
  1491 | D:2      | Reached XP level 4. HP: 26/26 MP: 4/4
  1603 | D:2      | Found a faded altar of an unknown god.
  1607 | D:2      | Reached skill level 6 in Short Blades
  1626 | D:2      | Reached XP level 5. HP: 28/30 MP: 5/5
  1712 | D:2      | Noticed Jessica
  1716 | D:2      | Killed Jessica
  1867 | D:3      | Reached skill level 7 in Short Blades
  2138 | D:3      | Identified the ring "Tiq Aqud" {*Slow rC+ Int+7 Dex-3 SInv}
  2344 | D:4      | Reached XP level 6. HP: 35/35 MP: 6/6
  2372 | D:4      | Noticed a black bear
  2376 | D:4      | Killed a black bear
  2377 | D:4      | Reached skill level 8 in Short Blades
  2377 | D:4      | Reached skill level 2 in Dodging
  2377 | D:4      | Reached skill level 1 in Necromancy
  2378 | D:4      | Found a runed translucent door.
  2516 | D:4      | Reached skill level 3 in Dodging
  2516 | D:4      | Reached skill level 2 in Necromancy
  2516 | D:4      | Reached XP level 7. HP: 38/40 MP: 7/7
  2546 | D:4      | HP: 3/40 [orc priest/divine providence (15)]
  2745 | D:4      | Noticed Pikel
  2824 | D:4      | Killed Pikel
  2825 | D:4      | Reached skill level 5 in Dodging
  2825 | D:4      | Reached skill level 4 in Necromancy
  2825 | D:4      | Reached XP level 8. HP: 14/44 MP: 8/8
  2965 | D:4      | You fall into a shaft and drop 1 floor!
  2965 | D:5      | Entered Level 5 of the Dungeon
  2995 | D:5      | Noticed a wraith
  3016 | D:5      | Killed a wraith
  3017 | D:5      | Reached skill level 6 in Dodging
  3017 | D:5      | Reached skill level 5 in Necromancy
  3362 | D:5      | Reached skill level 7 in Dodging
  3422 | D:5      | Reached XP level 9. HP: 48/48 MP: 9/9
  3422 | D:5      | Noticed a two-headed ogre
  3429 | D:5      | Killed a two-headed ogre
  3430 | D:5      | Reached skill level 8 in Dodging
  3430 | D:5      | Reached skill level 7 in Necromancy
  3511 | D:4      | Noticed Ijyb
  3528 | D:4      | Killed Ijyb
  3732 | D:4      | Noticed demibob's ghost (novice KoBr)
  4002 | D:5      | Reached skill level 9 in Dodging
  4261 | D:5      | Found a burning altar of Makhleb.
  4701 | D:6      | Noticed Eustachio
  4721 | D:6      | Killed Eustachio
  4773 | D:6      | Reached skill level 8 in Necromancy
  4789 | D:6      | Noticed Maggie
  4803 | D:6      | Killed Maggie
  4804 | D:6      | Reached skill level 10 in Dodging
  4804 | D:6      | Reached XP level 10. HP: 44/53 MP: 10/10
  4840 | D:6      | HP: 5/53 [ogre/+0 giant spiked club (26)]
  5313 | D:6      | Reached skill level 9 in Necromancy
  5483 | D:6      | Reached skill level 11 in Dodging
  5742 | D:6      | Noticed Blork the orc
  5751 | D:6      | Killed Blork the orc
  5835 | D:6      | Identified the ring "Ropy Xott" {AC+4 Int+2}
  5951 | D:6      | Found a shadowy altar of Dithmenos.
  5951 | D:6      | Found a basalt altar of Yredelemnul.
  6051 | D:7      | Found a staircase to the Ecumenical Temple.
  6066 | Temple   | Entered the Ecumenical Temple
  6073 | Temple   | Became a worshipper of Kikubaaqudgha
  6125 | D:7      | Found a stormy altar of Qazlal.
  6200 | D:7      | Noticed Menkaure
  6210 | D:7      | Killed Menkaure
  7141 | D:8      | Reached skill level 3 in Fighting
  7141 | D:8      | Reached skill level 6 in Stealth
  7186 | D:8      | Reached skill level 10 in Necromancy
  7242 | D:8      | Reached * piety under Kikubaaqudgha
  7242 | D:8      | Received a gift from Kikubaaqudgha
  7382 | D:8      | a shapeshifter changed into a rime drake
  7382 | D:8      | Noticed a rime drake (shapeshifter)
  7391 | D:8      | Killed a rime drake
  7392 | D:8      | Reached XP level 11. HP: 37/60 MP: 11/11
  7561 | D:8      | Reached skill level 4 in Fighting
  7687 | D:8      | Found a runed translucent door.
  8069 | D:8      | Noticed patfeehan111222's ghost (novice MiBe)
  8083 | D:8      | HP: 4/61 [patfeehan111222's ghost (5)]
  8084 | D:8      | Mangled by patfeehan111222's ghost

Vanquished Creatures
  A two-headed ogre (D:5)
  Pikel (D:4)
  Maggie (D:6)
  A rime drake (shapeshifter) (D:8)
  A shapeshifter (D:7)
  A wraith (D:5)
  Eustachio (D:6)
  3 steam dragons
  Menkaure (D:7)
  3 sky beasts
  An ice beast (D:5)
  A black bear (D:4)
  3 ogres
  4 centaurs
  2 phantoms
  A kobold brigand (D:6)
  Blork the orc (D:6)
  A bullfrog (D:7)
  3 gnoll sergeants
  3 scorpions
  4 wights (D:6)
  A killer bee (D:5)
  2 howler monkeys
  4 hounds
  A gnoll bouda (D:5)
  2 jellies (D:7)
  7 orc priests
  Jessica (D:2)
  7 orc wizards
  Ijyb (D:4)
  6 iguanas
  13 gnolls
  10 adders
  A shadow imp (D:6)
  A white imp (D:7)
  2 ufetubi
  4 worms
  5 dart slugs
  14 orcs
  4 bats
  6 endoplasms
  5 giant cockroaches
  5 goblins
  10 hobgoblins
  17 kobolds
  6 quokkas
  4 ball pythons
  4 frilled lizards
  8 rats
189 creatures vanquished.

Vanquished Creatures (others)
  3 toadstools (D:1)
3 creatures vanquished.

Grand Total: 192 creatures vanquished

Table legend: (Time is in decaauts)
 A = Elapsed time spent in this place.
 B = Non-inter-level travel time spent in this place.
 C = Inter-level travel time spent in this place.
 D = Time resting spent in this place.
 E = Time spent auto-exploring this place.
 F = Levels seen in this place.
 G = Mean time per level.
                   A        B        C        D        E       F      G
               +--------+--------+--------+--------+--------+-----+--------+
         Total |   7481 |   7216 |    265 |    838 |   5371 |   9 |  831.2 |
       Dungeon |   7467 |   7208 |    259 |    838 |   5368 |   8 |  933.4 |
        Temple |     13 |      7 |      6 |      0 |      3 |   1 |   13.0 |
               +--------+--------+--------+--------+--------+-----+--------+

Top non-repeatable levels by time:
     D:6: 1290 daAuts
     D:1: 1280 daAuts
     D:5: 1134 daAuts
     D:7: 998 daAuts
     D:8: 920 daAuts
     D:4: 857 daAuts
     D:3: 555 daAuts
     D:2: 429 daAuts
  Temple: 13 daAuts

Table legend:
 A = Non-vault XP
 B = Vault XP
 C = Vault XP percentage of total XP
 D = Non-vault monster count
 E = Vault monster count
 F = Vault count percentage of total count
                 A         B        C        D         E       F
            +---------+---------+-------+---------+---------+-------
      Total |    6213 |    2014 |  24.5 |     174 |      15 |   7.9
            +---------+---------+-------+---------+---------+-------
        D:1 |      37 |       1 |   2.6 |      21 |       1 |   4.5
        D:2 |      82 |      64 |  43.8 |      19 |       3 |  13.6
        D:3 |      41 |       0 |   0.0 |      15 |       0 |   0.0
        D:4 |     472 |     709 |  60.0 |      25 |       2 |   7.4
        D:5 |    1393 |     394 |  22.0 |      16 |       5 |  23.8
        D:6 |    1684 |     677 |  28.7 |      37 |       3 |   7.5
        D:7 |    1315 |     169 |  11.4 |      19 |       1 |   5.0
        D:8 |    1189 |       0 |   0.0 |      22 |       0 |   0.0
            +---------+---------+-------+---------+---------+-------
